AoeStats
← 17 The King

Black Forest

504323102Analyzed
2v2 RM · 26d ago on Sep 4, 2026· 42m 58s· 4 players
Game mode
Random Map
Map size
Medium (4 player)
Population
200
Speed
Normal
Resources
Standard
Victory
Conquest
Starting age
Dark Age
Ending age
Imperial Age
RankedLock teamsTeams togetherTeam positionsShared explorationLock speedFull tech treeHidden civsTurbo modeCheats
Victory
Defeat
🇳🇱 Britons · Netherlands
1093
+13
🇳🇱 Turks · Netherlands
970
+18
🇳🇴 Mongols · Norway
1103
-19
🇳🇴 Vikings · Norway
937
-12
jAh^.
2:21 Loom
11:53 Feudal Age
12:24 Double-Bit Axe
18:15 Castle Age
16:18 Gold Mining
18:14 Stone Mining
19:34 Bow Saw
19:57 Fervor
20:15 Horse Collar
22:16 Treadmill Crane
25:05 Forging
24:43 Man-at-Arms
25:45 Gambesons
26:34 Long Swordsman
27:17 Squires
27:58 Arson
29:15 Ballistics
30:00 Scale Mail Armor
31:04 Fletching
31:52 Iron Casting
32:22 Bodkin Arrow
35:03 Imperial Age
33:57 Chain Mail Armor
34:04 Heavy Plow
36:14 Conscription
36:01 Chieftains
36:39 Plate Mail Armor
36:28 Two-Handed Swordsman
38:37 Blast Furnace
38:43 Crop Rotation
39:16 Two-Man Saw
38:54 Elite Berserk
39:38 Champion
ErlendDenStore
0:48 Loom
15:24 Feudal Age
20:05 Castle Age
18:21 Bloodlines
18:15 Padded Archer Armor
18:21 Scale Barding Armor
19:51 Double-Bit Axe
28:19 Stone Mining
32:32 Imperial Age
30:24 Gold Mining
30:46 Bow Saw
32:10 Leather Archer Armor
32:39 Capped Ram
35:16 Gold Shaft Mining
35:26 Siege Ram
36:57 Drill
40:26 Husbandry
40:19 Fletching
41:03 Chain Barding Armor
Rini
10:46 Feudal Age
11:56 Double-Bit Axe
14:29 Horse Collar
18:13 Castle Age
17:39 Stone Mining
18:39 Wheelbarrow
19:25 Bow Saw
19:20 Heavy Plow
23:47 Gold Mining
26:27 Scale Mail Armor
28:34 Chain Mail Armor
29:44 Hand Cart
31:06 Forging
31:21 Ballistics
30:52 Loom
34:40 Imperial Age
35:02 Iron Casting
36:11 Elite Janissary
36:55 Artillery
37:20 Conscription
41:31 Plate Mail Armor
42:03 Blast Furnace
17 The King
13:41 Feudal Age
14:16 Double-Bit Axe
16:34 Horse Collar
19:29 Castle Age
18:43 Stone Mining
20:23 Heavy Plow
23:15 Bow Saw
23:45 Loom
24:56 Gold Mining
25:50 Fletching
27:28 Wheelbarrow
28:34 Gold Shaft Mining
28:57 Town Watch
31:59 Imperial Age
30:17 Bodkin Arrow
31:34 Hand Cart
35:01 Chemistry
38:05 Padded Archer Armor
42:23 Conscription
44:04 Two-Man Saw
Connection lost

Rejoining the realm…

Still unreachable

The connection could not be restored.

Session expired

The server has moved on; the page needs a fresh start.